 Dungeon Crawl Stone Soup version 0.29.1-14-g9c671dbff4 (webtiles) character file.

Game seed: 939130926701460249

6637 CommanderCrumbcake the Nimble (level 11, -1/120 HPs)
             Began as a Gnoll Monk on Feb 21, 2023.
             Was an Elder of Qazlal.
             Succumbed to a redback's poison
             ... on level 8 of the Dungeon.
             The game lasted 00:35:57 (7889 turns).

CommanderCrumbcake the Nimble (Gnoll Monk)          Turns: 7889, Time: 00:35:57

Health: -1/120     AC: 36    Str: 10    XL:     11   Next: 2%
Magic:  5/20       EV:  2    Int: 15    God:    Qazlal [****..]
Gold:   818        SH:  5    Dex: 14    Spells: 15/22 levels left

rFire   . . .      SeeInvis .   a - +0 hand axe (protect)
rCold   . . .      Faith    .   (no shield)
rNeg    . . .      Spirit   +   (body armour currently unavailable)
rPois   +          Reflect  .   (helmet currently unavailable)
rElec   .          Harm     .   (cloak currently unavailable)
rCorr   .          Rampage  .   (gloves currently unavailable)
Will    +....      NoTele   +   (boots currently unavailable)
Stlth   ++........              G - amulet of guardian spirit
HPRegen 0.30/turn               E - +4 ring of protection
MPRegen 0.17/turn               q - ring of willpower

@: mighty, lethally poisoned (-1 -> -44), tree-form, under a protective aura,
studying Ranged Weapons, repel missiles
A: stationary, stasis, torment immunity, boosted hp, (fangs 1), strong nose,
distributed training, clever 1, frail 1, weak 1
a: Renounce Religion, Upheaval, Elemental Force


You were on level 8 of the Dungeon.
You worshipped Qazlal.
Qazlal was greatly pleased with you.
You were a tree.
You visited 1 branch of the dungeon, and saw 8 of its levels.
You also visited: Ossuary.

You collected 818 gold pieces.

Inventory:

Hand Weapons
 a - a +0 hand axe of protection (weapon)
 B - a +0 war axe
Missiles
 g - 15 poisoned darts
 k - 8 boomerangs (quivered)
Armour
 b - a +2 robe
 f - the +2 leather armour "Qabio" (melded) {rF+ SInv}
   (You found it on level 2 of the Dungeon)

   rF:        It protects you from fire.
   SInv:      It lets you see invisible.
 i - a +2 helmet (melded)
 y - a +1 cloak (melded)
 D - a scarf of resistance
Jewellery
 d - a ring of resist corrosion
 h - an amulet of faith
 q - a ring of willpower (right branch)
 u - a ring of willpower
 E - a +4 ring of protection (left branch)
 G - an amulet of guardian spirit (around neck)
Wands
 m - a wand of digging (4)
Potions
 c - a potion of ambrosia
 e - a potion of resistance
 j - a potion of flight {unknown}
 l - a potion of lignification
 n - 2 potions of cancellation {unknown}
 r - 4 potions of degeneration
 s - a potion of haste {unknown}
 t - 2 potions of invisibility
 x - a potion of might
 z - 2 potions of brilliance {unknown}
 C - a potion of attraction {unknown}
 F - 3 potions of magic {unknown}


   Skills:
 + Level 9.0 Fighting
 + Level 6.0 Short Blades
 + Level 6.0 Long Blades
 + Level 9.0 Axes
 + Level 6.0 Maces & Flails
 + Level 6.0 Polearms
 + Level 6.0 Staves
 + Level 8.3 Ranged Weapons
 + Level 6.0 Throwing
 + Level 6.0 Armour
 + Level 9.0 Dodging
 + Level 7.4 Stealth
 + Level 6.0 Shields
 + Level 6.0 Unarmed Combat
 + Level 6.0 Spellcasting
 + Level 5.0 Conjurations
 + Level 5.0 Hexes
 + Level 5.0 Summonings
 + Level 5.0 Necromancy
 + Level 5.0 Translocations
 + Level 5.0 Transmutations
 + Level 5.0 Fire Magic
 + Level 5.0 Ice Magic
 + Level 5.0 Air Magic
 + Level 5.0 Earth Magic
 + Level 5.0 Poison Magic
 + Level 6.6 Invocations
 + Level 6.0 Evocations


You had 15 spell levels left.
You knew the following spells:

 Your Spells              Type           Power      Damage    Failure   Level
a - Call Canine Familiar  Summ           19%        N/A       5%          3
b - Fulminant Prism       Conj/Hex       9%         3d7       19%         4

Your spell library contained the following spells:

 Spells                   Type           Power      Damage    Failure   Level
 Summon Small Mammal      Summ           76%        N/A       1%          1
 Dazzling Flash           Conj/Hex       38%        N/A       5%          3
 Summon Guardian Golem    Hex/Summ       19%        N/A       5%          3
 Haunt                    Necr/Summ      9%         N/A       100%        7


Dungeon Overview and Level Annotations

Branches:
Dungeon (8/15)             Temple (0/1) D:5         Ossuary (visited)
   Lair: D:8-11

Altars:
Kikubaaqudgha
Nemelex Xobeh
Qazlal
Uskayaw
The Shining One


Innate Abilities, Weirdness & Mutations

You are a tree.
Your roots penetrate the ground, keeping you stationary.
You cannot be teleported.
You are immune to unholy pain and torment.
Your maximum health is greatly increased.
Your equipment is partially melded.
((You have very sharp teeth.))
Your uncanny sense of smell can sniff out nearby items.
Your experience applies equally to all skills.
Your mind is acute. (Int +4, Str/Dex -1)
You are frail. (-10% HP)
You are weak. (Str -2)


Message History

The slime creature misses you.
You hit the slime creature.
You kill the slime creature!
Qazlal accepts your kill.
You hit the ice beast but do no damage. You hit the redback.
You feel sick. You block the redback's attack. The ice beast hits you.
The ice beast freezes you!
* * * LOW HITPOINT WARNING * * *
Really quaff the potion of lignification?
You turn into a tree.
Your +1 cloak melds into your body.
Your +2 helmet melds into your body.
The +2 leather armour "Qabio" {rF+ SInv} melds into your body.
Your roots penetrate the ground.
You feel sick. The redback bites you.
* * * LOW HITPOINT WARNING * * *
The redback bites you but does no damage.
The ice beast hits you.
* * * LOW HITPOINT WARNING * * *
The ice beast freezes you.
* * * LOW HITPOINT WARNING * * *
It was a potion of might.
You feel very mighty all of a sudden.
You feel sick. The redback bites you!
* * * LOW HITPOINT WARNING * * *
You are lethally poisoned!
The redback poisons you!
The ice beast hits you but does no damage.
You slash the ice beast! Your punch misses the ice beast.
The ice beast is moderately wounded.
You slash the redback!
* * * LOW HITPOINT WARNING * * *
You feel extremely sick.
The redback bites you but does no damage.
The ice beast hits you but does no damage.
The redback bites you.
* * * LOW HITPOINT WARNING * * *
Unknown command.
You hit the redback.
The redback is severely wounded.
You hit the ice beast.
You die...

###.#.## #.##8...#
... #....##
#.##....#.... ###...#
#.##....#.... ##..##
#)##....'.... #...#
#.##....#####
##..###)##....#∆∆∆∆ ∆
##...#.##.°§.#∆ ∆ ∆
#...#.##....#∆∆∆.
∆∆∆∆
##..#.##.♣.8#$$..
∆∆∆∆ #......'Ys...#
####
######.....#..○.#.^..
∆#P..
#..........#....#....
#...
#...##.....#....# ...
. #P.§
#....#.....#....# ..
..yD#.J§ ##
#.......#....#
..c..Pc§
#########.#...#....#
....#..§
#..........)..#....#
. #P.§


You could see a redback and an ice beast.

Vanquished Creatures
  A centaur warrior (D:8)
  3 skeletal warriors (D:8)
  A tengu conjurer (D:8)
  A slime creature (D:8)
  6 yaks
  Menkaure (D:5)
  Duvessa (D:7)
  3 orc warriors (D:7)
  2 sky beasts
  An ice beast (D:7)
  A black bear (D:7)
  An ogre (D:6)
  3 centaurs
  A phantom (D:5)
  A kobold brigand (D:8)
  3 bullfrogs
  2 necrophages
  3 scorpions
  A wight (D:8)
  Dowan (D:7)
  4 killer bees (D:8)
  2 howler monkeys
  A centaur zombie (Ossuary)
  3 hounds
  2 orc priests (D:8)
  Crazy Yiuf (D:7)
  3 human zombies (Ossuary)
  An iguana (D:3)
  5 orc wizards
  5 mummies (Ossuary)
  Robin (D:3)
  8 gnolls
  7 adders
  A shadow imp (D:8)
  3 white imps
  A worm (D:3)
  3 dart slugs
  15 orcs
  7 endoplasms
  4 giant cockroaches
  A gnoll zombie (Ossuary)
  15 goblins
  12 hobgoblins
  5 jackals
  5 quokkas
  6 ball pythons
  4 bats
  5 frilled lizards
  2 goblin zombies (Ossuary)
  A hobgoblin zombie (Ossuary)
  9 kobolds
  2 rats
181 creatures vanquished.

Vanquished Creatures (collateral kills)
  3 orc priests (D:7)
  2 orc wizards (D:7)
  6 orcs (D:7)
  A ball python (D:2)
12 creatures vanquished.

Vanquished Creatures (others)
  7 bushes (D:8)
  A fulminant prism (D:8)
  A withered plant (D:2)
9 creatures vanquished.

Grand Total: 202 creatures vanquished

Notes
Turn   | Place    | Note
-------+----------+-------------------------------------------
     0 | D:1      | CommanderCrumbcake the Gnoll Monk began the quest for the
                  | Orb.
     0 | D:1      | Reached XP level 1. HP: 23/23 MP: 1/1
   134 | D:1      | Reached XP level 2. HP: 21/29 MP: 2/2
   162 | D:2      | Identified the +2 leather armour "Qabio" {rF+ SInv}
   225 | D:2      | Found a faded altar of an unknown god.
   232 | D:2      | Prayed at the altar of an unknown god.
   232 | D:2      | Became a worshipper of Qazlal Stormbringer
   232 | D:2      | Reached * piety under Qazlal
   232 | D:2      | Reached ** piety under Qazlal
   429 | D:2      | Reached XP level 3. HP: 32/35 MP: 3/3
   621 | D:2      | Reached *** piety under Qazlal
   636 | D:2      | Reached skill level 1 in Invocations
   802 | D:1      | Reached skill level 1 in Short Blades
   802 | D:1      | Reached skill level 1 in Long Blades
   802 | D:1      | Reached skill level 1 in Maces & Flails
   802 | D:1      | Reached skill level 1 in Polearms
   802 | D:1      | Reached skill level 1 in Staves
   802 | D:1      | Reached skill level 1 in Ranged Weapons
   802 | D:1      | Reached skill level 1 in Throwing
   802 | D:1      | Reached skill level 1 in Armour
   802 | D:1      | Reached skill level 1 in Shields
   802 | D:1      | Reached skill level 1 in Unarmed Combat
   802 | D:1      | Reached skill level 1 in Spellcasting
   802 | D:1      | Reached skill level 1 in Evocations
  1078 | D:1      | Reached XP level 4. HP: 41/41 MP: 5/5
  1301 | D:3      | Noticed Robin
  1333 | D:3      | Killed Robin
  1334 | D:3      | Reached skill level 1 in Conjurations
  1334 | D:3      | Reached skill level 1 in Hexes
  1334 | D:3      | Reached skill level 1 in Summonings
  1334 | D:3      | Reached skill level 1 in Necromancy
  1334 | D:3      | Reached skill level 1 in Translocations
  1334 | D:3      | Reached skill level 1 in Transmutations
  1334 | D:3      | Reached skill level 1 in Fire Magic
  1334 | D:3      | Reached skill level 1 in Ice Magic
  1334 | D:3      | Reached skill level 1 in Air Magic
  1334 | D:3      | Reached skill level 1 in Earth Magic
  1334 | D:3      | Reached skill level 1 in Poison Magic
  1650 | D:3      | Reached XP level 5. HP: 33/47 MP: 7/7
  1984 | D:3      | Found a hide-covered altar of Uskayaw.
  2157 | D:3      | Found a sparkling altar of Nemelex Xobeh.
  2580 | D:4      | Reached XP level 6. HP: 53/53 MP: 8/8
  2623 | D:4      | Reached **** piety under Qazlal
  2714 | D:4      | Found a sand-covered staircase.
  2719 | Ossuary  | Entered an ossuary
  3086 | Ossuary  | Reached XP level 7. HP: 49/59 MP: 10/10
  3161 | Ossuary  | Gained mutation: Your magical capacity is low. (-10% MP)
                  | [potion of mutation]
  3162 | Ossuary  | Lost mutation: Your magical capacity is low. (-10% MP)
                  | [potion of mutation]
  3162 | Ossuary  | Gained mutation: You are weak. (Str -2) [potion of
                  | mutation]
  3162 | Ossuary  | Gained mutation: You are frail. (-10% HP) [potion of
                  | mutation]
  3162 | Ossuary  | Gained mutation: Your mind is acute. (Int +4, Str/Dex -1)
                  | [potion of mutation]
  3257 | D:4      | Found a glowing golden altar of the Shining One.
  3574 | D:5      | Entered Level 5 of the Dungeon
  3637 | D:5      | Reached skill level 5 in Stealth
  3654 | D:5      | Noticed Menkaure
  3670 | D:5      | Killed Menkaure
  3714 | D:5      | Found a staircase to the Ecumenical Temple.
  3864 | D:5      | Reached XP level 8. HP: 55/60 MP: 12/12
  3957 | D:5      | Found an ancient bone altar of Kikubaaqudgha.
  5426 | D:7      | Reached skill level 5 in Ranged Weapons
  5434 | D:7      | Reached XP level 9. HP: 37/65 MP: 6/14
  5630 | D:7      | Noticed Dowan
  5631 | D:7      | Noticed Duvessa
  5677 | D:7      | Killed Duvessa
  5686 | D:7      | Killed Dowan
  5869 | D:7      | Found a runed translucent door.
  5870 | D:7      | Noticed Crazy Yiuf
  5876 | D:7      | Killed Crazy Yiuf
  6237 | D:7      | Learned a level 3 spell: Call Canine Familiar
  6275 | D:7      | Reached skill level 5 in Invocations
  6473 | D:8      | Noticed a skeletal warrior
  6474 | D:8      | Noticed a skeletal warrior
  6474 | D:8      | Noticed a skeletal warrior
  6502 | D:8      | Killed a skeletal warrior
  6502 | D:8      | Killed a skeletal warrior
  6502 | D:8      | Killed a skeletal warrior
  6503 | D:8      | Reached skill level 5 in Short Blades
  6503 | D:8      | Reached skill level 5 in Long Blades
  6503 | D:8      | Reached skill level 5 in Maces & Flails
  6503 | D:8      | Reached skill level 5 in Polearms
  6503 | D:8      | Reached skill level 5 in Staves
  6503 | D:8      | Reached skill level 5 in Throwing
  6503 | D:8      | Reached skill level 5 in Armour
  6503 | D:8      | Reached skill level 5 in Shields
  6503 | D:8      | Reached skill level 5 in Unarmed Combat
  6503 | D:8      | Reached skill level 5 in Spellcasting
  6503 | D:8      | Reached skill level 5 in Evocations
  6503 | D:8      | Reached XP level 10. HP: 34/73 MP: 1/18
  6533 | D:8      | Got Docoreg's Secrets of Charming Death
  6540 | D:8      | Learned a level 4 spell: Fulminant Prism
  7174 | D:8      | Noticed a centaur warrior
  7181 | D:8      | Noticed a six-headed hydra
  7554 | D:8      | Killed a centaur warrior
  7555 | D:8      | Reached skill level 5 in Conjurations
  7555 | D:8      | Reached skill level 5 in Hexes
  7555 | D:8      | Reached skill level 5 in Summonings
  7555 | D:8      | Reached skill level 5 in Necromancy
  7555 | D:8      | Reached skill level 5 in Translocations
  7555 | D:8      | Reached skill level 5 in Transmutations
  7555 | D:8      | Reached skill level 5 in Fire Magic
  7555 | D:8      | Reached skill level 5 in Ice Magic
  7555 | D:8      | Reached skill level 5 in Air Magic
  7555 | D:8      | Reached skill level 5 in Earth Magic
  7555 | D:8      | Reached skill level 5 in Poison Magic
  7852 | D:8      | Reached XP level 11. HP: 80/80 MP: 20/20
  7858 | D:8      | Noticed a shining eye
  7889 | D:8      | Succumbed to a redback's poison

Illustrated notes

Levels and vault maps discovered:
D:1:      scummos_arrival_simple_fountains, layout_basic, chequers_jeans
D:2:      minmay_angry_zag, layout_rooms, ebering_ecumenical_altar_petrified,
          minmay_tetromino_l4
D:3:      layout_basic, lemuel_round_altar, mainiacjoe_overflow_cross_hatched,
          uniq_robin
D:4:      layout_cave_pools, mainiacjoe_overflow_tiny_flanked, enter_ossuary_5,
          minmay_manual_macuahuitl
D:5:      layout_loops_ring, kennysheep_little_box,
          minmay_temple_entry_overgrown, grunt_decor_one_mirror, uniq_menkaure
D:6:      layout_cave_pools
D:7:      layout_basic, lightli_minifort, uniq_crazy_yiuf_cottage, uniq_duvessa
D:8:      minmay_klotski, layout_rooms

Skill      XL: |  1  2  3  4  5  6  7  8  9 10 |
---------------+-------------------------------+-----
Invocations    | 1 2 3 4 6 |  6.6
Short Blades   | 1 2 3 5 6 |  6.0
Long Blades    | 1 2 3 5 6 |  6.0
Maces & Flails | 1 2 3 5 6 |  6.0
Polearms       | 1 2 3 5 6 |  6.0
Staves         | 1 2 3 5 6 |  6.0
Ranged Weapons | 1 2 3 5 7 8 |  8.3
Throwing       | 1 2 3 5 6 |  6.0
Armour         | 1 2 3 5 6 |  6.0
Shields        | 1 2 3 5 6 |  6.0
Unarmed Combat | 1 2 3 5 6 |  6.0
Spellcasting   | 1 2 3 5 6 |  6.0
Evocations     | 1 2 3 5 6 |  6.0
Conjurations   | 1 2 3 4 5 |  5.0
Hexes          | 1 2 3 4 5 |  5.0
Summonings     | 1 2 3 4 5 |  5.0
Necromancy     | 1 2 3 4 5 |  5.0
Translocations | 1 2 3 4 5 |  5.0
Transmutations | 1 2 3 4 5 |  5.0
Fire Magic     | 1 2 3 4 5 |  5.0
Ice Magic      | 1 2 3 4 5 |  5.0
Air Magic      | 1 2 3 4 5 |  5.0
Earth Magic    | 1 2 3 4 5 |  5.0
Poison Magic   | 1 2 3 4 5 |  5.0
Fighting       | 7 8 9 |  9.0
Axes           | 7 8 9 |  9.0
Dodging        | 7 8 9 |  9.0
Stealth        | 5 6 7 |  7.4

Action                   |  1- 3 |  4- 6 |  7- 9 | 10-12 || total
-------------------------+-------+-------+-------+-------++-------
Melee: Hand axe          |   112 |   260 |   404 |   185 ||   961
       Bite              |     6 |    35 |    52 |    19 ||   112
       Punch             |     3 |     7 |     9 |     6 ||    25
Throw: Dart              |       |     2 |     3 |       ||     5
       Throwing net      |       |       |     1 |       ||     1
       Boomerang         |       |       |    29 |    22 ||    51
 Cast: Call Canine Famil |       |       |     2 |     1 ||     3
       Fulminant Prism   |       |       |       |     1 ||     1
Invok: Elemental Force   |       |       |     2 |       ||     2
       Upheaval          |       |       |       |     2 ||     2
Evoke: Wand              |       |       |       |     2 ||     2
  Use: Scroll            |     4 |     6 |    13 |     3 ||    26
       Potion            |       |       |    10 |     8 ||    18
 Stab: Sleeping          |     1 |       |       |       ||     1
       Paralysed         |       |       |     4 |       ||     4
Armor: Robe              |     2 |       |       |       ||     2
       Leather armour    |    19 |    71 |   155 |    40 ||   285
       Skin              |       |       |    20 |    86 ||   106
Dodge: Dodged            |    89 |   135 |   279 |   104 ||   607
       Repelled          |       |       |     7 |     2 ||     9
Block: Other             |    20 |    45 |   104 |    57 ||   226
